Map: Ulrena

Players

IIIIIIIIIIII

  • Race: Terran Terran
  • League: Grandmaster

Miszu - Winner!

  • Race: Terran Terran
  • League: Master

VOD

Have the link to the VOD?

Description

Time

  • Played on: April 20, 2016, 2:19 p.m.
  • Length: 4:19
Show
View Real Time Build Order
Export as new Build Order

IIIIIIIIIIII Terran 

Build Orders:  

Get SALT Encoding   

  12  0:01  SCV  
  13  0:14  SCV  
  14  0:25  Supply Depot  
  14  0:47  Barracks  
  14  0:51  Barracks  
  14  1:06  Barracks  
  14  1:11  SCV  
  15  1:34  Marine  
  15  1:36  Barracks  
  15  1:38  Marine  
  17  1:43  Supply Depot  
  17  1:52  Marine  
  18  1:55  Marine  
  18  1:56  Marine  
  20  2:07  Supply Depot  
  20  2:10  Marine  
  20  2:14  Marine  
  22  2:21  Marine  
  23  2:23  Marine  
  24  2:35  Marine x2  
  26  2:41  Marine x2  
  27  2:53  Marine x2  
  27  2:59  Marine  
  27  3:00  Marine  
  27  3:11  Marine x2  
  28  3:19  Marine  
  26  3:20  Marine  
  27  3:28  Marine  
  27  3:30  Marine  
  27  3:37  Marine  
  27  3:38  Marine  
  23  3:46  Marine  
  23  3:48  Marine  
  25  3:55  Marine  
  26  3:56  Marine  
Show
View Real Time Build Order
Export as new Build Order

Miszu Terran - Winner!

Build Orders: 1/1/1 

Get SALT Encoding   

  12  0:01  SCV  
  13  0:13  SCV  
  14  0:17  Supply Depot  
  14  0:25  SCV  
  15  0:39  SCV  
  15  0:40  Barracks  
  16  0:44  Refinery  
  16  0:51  SCV  
  16  0:53  Refinery  
  17  1:03  SCV  
  18  1:15  SCV  
  19  1:31  Marine, Orbital Command  
  20  1:33  Factory  
  20  1:46  Supply Depot  
  20  1:54  Marine  
  20  1:57  SCV  
  22  2:12  Marine  
  22  2:13  SCV  
  24  2:17  Starport  
  24  2:18  Factory Tech Lab  
  24  2:25  SCV  
  24  2:26  Supply Depot  
  25  2:31  Marine  
  25  2:33  Hellion  
  27  2:51  Bunker  
  22  3:05  Marine  
  13  3:26  SCV  
  14  3:37  Hellion  
  16  3:43  SCV  
  17  3:55  SCV  
Tags
 
Matchup
TvT
Opening
1/1/1
Race
Terran
Add a new tag
Caveats
  • Supply blocks, unpowered buildings, or Contaminate may cause inaccurate times.
  • Supply counts are checked every 10 seconds.